 Dungeon Crawl Stone Soup version 0.27-a0-460-g297a19dbdb (webtiles) character file.

Game seed: 1973675336727938592

158 sanka the Covert (level 5, -5/28 HPs)
             Began as a Vampire Enchanter on Feb 28, 2021.
             Slain by Grinder (10 damage)
             ... on level 3 of the Dungeon.
             The game lasted 00:05:25 (3270 turns).

sanka the Covert (Vampire Enchanter)                Turns: 3270, Time: 00:05:26

Health: -5/28      AC:  4    Str:  7    XL:     5   Next: 16%
Magic:  7/8        EV: 13    Int: 17    God:
Gold:   213        SH:  0    Dex: 16    Spells: 2/8 levels left

rFire    . . .     SeeInvis +   a - +1 dagger
rCold    + + .     Faith    .   (no shield)
rNeg     + + +     Spirit   .   b - +0 robe
rPois    ∞         Reflect  .   h - +0 helmet
rElec    .         Harm     .   (no cloak)
rCorr    .         Rampage  .   c - +0 pair of gloves
Will     .....                  (no boots)
Stlth    ++++++....             (no amulet)
HPRegen  0.00/turn              (no ring)
MPRegen  0.11/turn              (no ring)

@: bloodless
A: fangs 3, see invisible, unbreathing
a: Bat Form, Revivify


You were on level 3 of the Dungeon.
You visited 1 branch of the dungeon, and saw 3 of its levels.

You collected 213 gold pieces.


Innate Abilities, Weirdness & Mutations

You do not regenerate when monsters are visible.
You are frail without blood (-20% HP).
You can heal yourself when you bite living creatures.
You are immune to poison.
You have razor-sharp teeth.
You have supernaturally acute eyesight. (SInv)
You can survive without breathing.


   Skills:
 - Level 1.1 Short Blades
 - Level 2.1 Dodging
 - Level 8.0 Stealth
 - Level 2.0 Spellcasting
 + Level 6.0 Hexes


You had 2 spell levels left.
You knew the following spells:

 Your Spells              Type           Power        Failure   Level
x - Confusing Touch       Hex            22%          4%          3
z - Ensorcelled Hibernat  Hex/Ice        24%          9%          2
Z - Corona                Hex            24%          1%          1

Your spell library contained the following spells:

 Spells                   Type           Power        Failure   Level
 Tukima's Dance           Hex            22%          4%          3
 Dazzling Flash           Conj/Hex       24%          17%         3

Inventory:

Hand Weapons
 a - a +1 dagger (weapon)
Armour
 b - a +0 robe (worn)
 c - a +0 pair of gloves (worn)
 h - a +0 helmet (worn)
 i - a +0 pair of boots
Scrolls
 e - a scroll of immolation {unknown}
 g - 2 scrolls of identify {unknown}
 k - a scroll of teleportation {unknown}
Potions
 d - a potion of might
 f - 3 potions of degeneration {unknown}
 j - a potion of flight {unknown}

Dungeon Overview and Level Annotations

Branches:
Dungeon (3/15)

Altars:
Ashenzari

Annotations:
D:3 Grinder

▒▒.▒. ▒.... ▒...
▒..▒. ..<▒ ▒.▒..▒.
▒▒▒..▒ ▒.▒..▒. ..▒..▒
▒.▒..▒. ▒.▒..▒
▒.▒..▒. ▒5▒..▒
▒.▒..▒. ▒V▒..▒
▒.▒..▒.
▒....▒.▒▒▒▒▒.▒.(▒.
▒....▒..........▒.
▒..▒.▒▒▒▒▒▒▒.▒▒.▒▒
▒...............▒
▒.▒▒.▒▒▒▒▒▒▒.▒▒▒▒▒ .
▒...!.....▒▒......
.....▒.......▒▒..▒▒▒▒
..▒▒.▒.......▒▒..▒▒▒▒


You could see Grinder.


Message History

Found an escape hatch in the ceiling.
Grinder hits you!
* * * LOW HITPOINT WARNING * * *
You hit Grinder.
Grinder is lightly wounded.
You strike the helpless Grinder from behind!
You puncture Grinder!
Grinder is heavily wounded.
Grinder closely misses you.
You hit Grinder but do no damage.
Grinder is heavily wounded.
You hit Grinder.
Grinder is heavily wounded.
You strike the helpless Grinder from behind!
You puncture Grinder!
Grinder is almost dead.
You see here 10 gold pieces.
You hit Grinder but do no damage.
Grinder is almost dead.
Grinder seems less confused.
Grinder barely misses you.
You barely miss Grinder. Your bite misses Grinder.
Grinder is almost dead.
Grinder hits you.
* * * LOW HITPOINT WARNING * * *
You hit Grinder but do no damage.
Grinder is almost dead.
Grinder hits you!
You die...

Action                   |  1- 3 |  4- 6 || total
-------------------------+-------+-------++-------
Melee: Dagger            |    85 |   100 ||   185
       Bite              |     8 |    11 ||    19
 Cast: Ensorcelled Hiber |     5 |    29 ||    34
       Confusing Touch   |       |     3 ||     3
 Abil: Exsanguinate      |     1 |       ||     1
  Use: Potion            |       |     1 ||     1
 Stab: Sleeping          |    13 |    23 ||    36
       Confused          |       |     4 ||     4
Armor: Robe              |    16 |    13 ||    29
Dodge: Dodged            |    50 |    62 ||   112

Levels and vault maps discovered:
D:1:      dpeg_arrival_tiny_f, layout_rooms
D:2:      layout_basic, uniq_terence, uniq_robin
D:3:      layout_basic, ashenzari_conservatory_becter, uniq_grinder,
          uniq_crazy_yiuf_cottage

Notes
Turn   | Place    | Note
-------+----------+-------------------------------------------
     0 | D:1      | sanka the Vampire Enchanter began the quest for the Orb.
     0 | D:1      | Reached XP level 1. HP: 13/13 MP: 3/3
    66 | D:1      | Reached skill level 5 in Stealth
   118 | D:1      | Reached XP level 2. HP: 11/19 MP: 5/5
   142 | D:1      | Learned a level 2 spell: Ensorcelled Hibernation
   215 | D:1      | Reached skill level 6 in Stealth
   842 | D:2      | Reached XP level 3. HP: 13/19 MP: 6/6
  1146 | D:2      | Noticed Terence
  1150 | D:2      | Killed Terence
  1151 | D:2      | Reached skill level 7 in Stealth
  1154 | D:2      | Reached XP level 4. HP: 24/24 MP: 7/7
  1331 | D:2      | Noticed Robin
  1451 | D:2      | Reached skill level 8 in Stealth
  1533 | D:1      | Learned a level 3 spell: Confusing Touch
  1687 | D:2      | Killed Robin
  1691 | D:2      | Reached skill level 5 in Hexes
  2474 | D:3      | Reached XP level 5. HP: 19/28 MP: 1/8
  2722 | D:3      | Found a broken altar of Ashenzari.
  3074 | D:3      | Reached skill level 6 in Hexes
  3249 | D:3      | Noticed Grinder
  3270 | D:3      | Slain by Grinder

Vanquished Creatures
  Terence (D:2)
  Robin (D:2)
  3 adders
  2 oozes
  4 worms
  A dart slug (D:1)
  3 leopard geckos
  7 orcs (D:3)
  2 ball pythons
  3 bats
  14 goblins
  8 hobgoblins
  5 kobolds
  A quokka (D:3)
  A frilled lizard (D:3)
  4 rats
60 creatures vanquished.
